Map: Backwater LE

Players

DeMusliM - Winner!

  • Race: Terran Terran
  • Spawn Location: 11:00

Trickstar

  • Race: Zerg Zerg
  • Spawn Location: 5:00

Event: WCS Leipzig 2018

VOD

Have the link to the VOD?

Description

Time

  • Played on: Jan. 26, 2018, 6:25 a.m.
  • Length: 10:29

All games in this series

Show
View Real Time Build Order
Export as new Build Order

DeMusliM Terran - Winner!

Build Orders: Command Center First (CC), Mech 

Get SALT Encoding   

  12  0:00  SCV  
  13  0:13  SCV  
  14  0:17  Supply Depot  
  14  0:25  SCV  
  15  0:38  SCV  
  16  0:50  SCV  
  17  0:59  Command Center  
  17  1:02  SCV  
  18  1:14  SCV  
  18  1:15  Barracks  
  19  1:20  Refinery  
  19  1:27  SCV  
  19  1:29  Refinery  
  20  1:39  SCV  
  21  1:51  SCV  
  22  2:02  Reaper  
  22  2:03  Orbital Command  
  23  2:11  Orbital Command  
  23  2:17  Factory  
  23  2:27  Supply Depot  
  23  2:29  SCV  
  24  2:35  Barracks Reactor  
  24  2:38  SCV  
  24  2:41  SCV  
  26  2:50  SCV  
  27  2:53  SCV  
  28  3:02  SCV  
  28  3:03  Starport  
  29  3:08  SCV  
  30  3:13  Supply Depot  
  30  3:14  SCV  
  30  3:18  Hellion x2  
  35  3:20  SCV  
  35  3:26  SCV  
  37  3:27  Barracks Tech Lab  
  37  3:32  SCV  
  38  3:37  Supply Depot  
  38  3:38  SCV  
  38  3:39  Hellion x2, Viking  
  45  3:44  SCV  
  46  3:51  SCV  
  47  3:57  SCV  
  47  4:00  Hellion, Supply Depot  
  47  4:01  Hellion  
  52  4:05  Liberator  
  52  4:06  SCV  
  52  4:09  SCV  
  54  4:12  Command Center  
  54  4:18  SCV  
  54  4:21  SCV  
  54  4:22  Hellion x2  
  63  4:30  SCV  
  64  4:32  Supply Depot  
  64  4:33  SCV  
  65  4:38  Armory  
  65  4:41  Refinery  
  65  4:42  Refinery, SCV  
  65  4:45  SCV  
  67  4:47  Cyclone  
  67  4:51  Supply Depot  
  70  4:54  SCV, Cyclone  
  70  4:58  SCV  
  70  4:59  Factory  
  75  5:06  SCV  
  76  5:10  SCV  
  76  5:11  Barracks Tech Lab  
  77  5:14  Factory  
  77  5:19  SCV, Hellion  
  77  5:20  Supply Depot, Starport Reactor  
  80  5:23  SCV  
  80  5:24  SCV  
  80  5:26  Hellion  
  80  5:27  Terran Vehicle Weapons Level 1  
  84  5:34  Starport Tech Lab  
  84  5:37  Marine  
  84  5:40  SCV x2  
  87  5:48  Hellion, Siege Tank  
  87  5:49  Hellion  
  92  5:50  SCV  
  92  5:52  SCV  
  86  5:58  Banshee  
  86  6:01  SCV  
  86  6:02  SCV  
  86  6:04  SCV  
  75  6:13  SCV, Hellion x2  
  75  6:14  Factory Tech Lab  
  75  6:18  SCV  
  72  6:20  Siege Tank  
  71  6:27  SCV  
  71  6:29  Orbital Command  
  71  6:30  SCV  
  72  6:38  Siege Tank  
  72  6:39  SCV  
  76  6:42  SCV  
  77  6:51  SCV  
  77  6:52  Hellion x2, Siege Tank  
  82  6:54  SCV  
  82  7:01  SCV  
  84  7:03  SCV  
  84  7:06  SCV  
  81  7:10  Supply Depot  
  81  7:11  Supply Depot, Siege Tank  
  81  7:12  Supply Depot  
  81  7:13  SCV  
  85  7:17  SCV  
  85  7:19  Banshee  
  85  7:21  Terran Vehicle Weapons Level 2  
  85  7:26  Supply Depot  
  85  7:32  SCV x3, Hellion  
  85  7:35  Siege Tank  
  91  7:40  Supply Depot  
  91  7:41  Supply Depot  
  91  7:42  Supply Depot  
  94  7:44  SCV x3  
  94  7:46  Siege Tank  
  94  7:54  Hellion  
  94  7:56  SCV x3  
  94  7:57  Refinery, Armory  
  94  7:58  Refinery  
  99  8:00  Hellion  
  99  8:02  Infernal Pre-Igniter  
  101  8:08  SCV x3  
  104  8:13  Siege Tank  
  107  8:20  SCV x3  
  107  8:22  Hellion x2  
  107  8:24  Command Center  
  114  8:28  Siege Tank  
  114  8:32  SCV x3  
  120  8:44  SCV x3  
  122  8:50  Factory  
  122  8:51  Hellion x2  
  122  8:53  Supply Depot, Factory  
  126  8:56  SCV, Starport Reactor  
  126  8:58  Siege Tank  
  126  9:00  Hellion  
  132  9:03  SCV x2  
  132  9:08  SCV  
  132  9:09  Supply Depot  
  135  9:10  Supply Depot x2  
  135  9:12  Hellion x2  
  139  9:21  Siege Tank  
  142  9:27  Supply Depot  
  142  9:31  Engineering Bay  
  142  9:35  SCV x3  
  142  9:36  Siege Tank x2  
  142  9:37  Hellion x2, Factory Reactor  
  155  9:43  Refinery, Supply Depot  
  155  9:45  Refinery, Supply Depot  
  159  10:17  Command Center  
Show
View Real Time Build Order
Export as new Build Order

Trickstar Zerg 

Build Orders: Pool First 

Get SALT Encoding   

  12  0:00  Drone  
  13  0:12  Overlord  
  13  0:18  Drone  
  14  0:31  Drone x2  
  14  0:34  Drone  
  17  0:45  Drone, Extractor  
  17  0:50  Spawning Pool  
  17  0:57  Drone  
  17  1:06  Drone  
  18  1:19  Hatchery  
  18  1:23  Drone  
  18  1:27  Drone  
  19  1:36  Queen  
  21  1:41  Zergling x2  
  22  1:47  Metabolic Boost  
  22  1:55  Overlord  
  22  2:13  Queen  
  22  2:15  Drone x2  
  26  2:26  Drone  
  27  2:31  Queen  
  27  2:33  Drone x2  
  31  2:43  Drone x2  
  33  2:47  Drone x3  
  36  2:51  Pneumatized Carapace  
  36  2:56  Overlord  
  36  3:10  Hatchery  
  35  3:14  Drone x2  
  35  3:16  Drone  
  38  3:21  Drone x3  
  38  3:25  Spore Crawler  
  40  3:33  Overlord  
  40  3:34  Drone x2  
  42  3:44  Drone x2  
  42  3:46  Overlord  
  44  3:48  Roach Warren  
  44  3:49  Zergling x2, Extractor  
  44  3:50  Extractor, Zergling x2  
  43  3:58  Drone x2  
  45  4:05  Drone x2  
  45  4:08  Lair  
  47  4:11  Evolution Chamber  
  47  4:15  Overlord x2  
  47  4:17  Drone x2  
  47  4:22  Zergling x4  
  50  4:27  Overlord  
  50  4:32  Roach x2  
  50  4:36  Roach  
  55  4:44  Roach x3  
  61  4:49  Overlord x2  
  61  4:52  Roach  
  63  4:59  Roach x2  
  67  5:01  Ravager x2  
  67  5:03  Zergling x4  
  67  5:06  Ravager  
  72  5:09  Zergling x4  
  72  5:10  Zergling x4  
  76  5:16  Overseer  
  76  5:20  Zergling x8  
  80  5:34  Roach x2  
  80  5:35  Roach x2  
  88  5:36  Ravager  
  88  5:38  Zergling x4  
  88  5:56  Zergling x10  
  66  6:13  Zergling x6, Roach  
  66  6:16  Queen  
  55  6:23  Zergling x2  
  55  6:24  Zergling x2  
  54  6:30  Ravager x4  
  52  6:34  Ravager  
  52  6:37  Zergling x6  
  49  6:51  Queen x3  
  51  7:01  Zergling x6  
  45  7:20  Roach x3  
  35  7:41  Drone x4  
  39  7:49  Drone x2  
  39  8:05  Drone x6  
  45  8:17  Zergling x4  
  45  8:18  Zergling x6  
  50  8:24  Ravager  
  51  8:27  Drone x3  
  51  8:28  Drone  
  55  8:39  Drone x5  
  55  8:40  Drone  
  58  8:43  Glial Reconstitution  
  58  8:51  Ravager  
  58  8:52  Overlord  
  58  8:53  Drone x2  
  61  8:56  Spore Crawler  
  61  8:59  Spore Crawler  
  61  9:02  Spore Crawler  
  58  9:07  Overseer  
  58  9:14  Ravager  
  58  9:15  Drone x6  
  61  9:27  Roach x2  
  65  9:35  Overlord x3  
  65  9:36  Overlord  
  65  9:40  Overlord x2  
  65  9:55  Roach  
  65  9:56  Roach x5  
  70  10:08  Roach x2  
  70  10:09  Roach x4  
Tags
 
Add a new tag
Caveats
  • Supply blocks, unpowered buildings, or Contaminate may cause inaccurate times.
  • Supply counts are checked every 10 seconds.